 Dungeon Crawl Stone Soup version 0.27-a0-279-gdfb9265905 (webtiles) character file.

Game seed: 3662594353206543525

16 Fenrir042 the Conjurer (level 2, -2/19 HPs)
             Began as a Demonspawn Conjurer on Feb 7, 2021.
             Was a Follower of Kikubaaqudgha.
             Slain by a worm (3 damage)
             ... on level 2 of the Dungeon.
             The game lasted 00:02:48 (1061 turns).

Fenrir042 the Conjurer (Demonspawn Conjurer)        Turns: 1061, Time: 00:02:48

Health: -2/19      AC:  2    Str:  7    XL:     2   Next: 41%
Magic:  1/5        EV: 12    Int: 19    God:    Kikubaaqudgha [*.....]
Gold:   18         SH:  0    Dex: 11    Spells: 4/5 levels left

rFire    . . .     SeeInvis .   (no weapon)
rCold    . . .     Faith    .   (no shield)
rNeg     . . .     Spirit   .   a - +0 robe
rPois    .         Reflect  .   (no helmet)
rElec    .         Harm     .   (no cloak)
rCorr    +         Rampage  .   (no gloves)
Will     .....                  (no boots)
Stlth    ++........             (no amulet)
HPRegen  0.06/turn              b - ring of resist corrosion
MPRegen  0.09/turn              (no ring)

@: no status effects
A: claws 1
a: Renounce Religion, Receive Corpses


You were on level 2 of the Dungeon.
You worshipped Kikubaaqudgha.
Kikubaaqudgha was aware of your devotion.
You visited 1 branch of the dungeon, and saw 2 of its levels.

You collected 18 gold pieces.

Inventory:

Armour
 a - a +0 robe (worn)
Jewellery
 b - a ring of resist corrosion (left claw)
Scrolls
 c - a scroll of immolation {unknown}
 e - 2 scrolls of identify {unknown}
 g - a scroll of remove curse {unknown}
Potions
 d - 2 potions of curing {unknown}
 f - a potion of heal wounds {unknown}


   Skills:
 + Level 1.8 Dodging
 - Level 1.7 Stealth
 * Level 2.2 Spellcasting
 * Level 4.5 Conjurations


You had 4 spell levels left.
You knew the following spells:

 Your Spells              Type           Power        Failure   Level
a - Magic Dart            Conj           76%          2%          1

Your spell library contained the following spells:

 Spells                   Type           Power        Failure   Level
 Searing Ray              Conj           38%          4%          2
 Dazzling Flash           Conj/Hex       20%          21%         3
 Fulminant Prism          Conj/Hex       5%           54%         4
 Iskenderun's Mystic Bla  Conj/Tloc      10%          54%         4


Dungeon Overview and Level Annotations

Branches:
Dungeon (2/15)

Altars:
Cheibriados
Elyvilon
Kikubaaqudgha
The Shining One


Innate Abilities, Weirdness & Mutations

You have sharp fingernails.


Message History

The worm is moderately wounded.
There is an open door here.
There is a faded altar of an unknown god here.
The magic dart hits the worm.
The worm is lightly wounded.
You cannot tell which god this altar belongs to.
Convert to them anyway?
Okay, then.
A worm is nearby!
You cannot tell which god this altar belongs to.
Convert to them anyway?
Kikubaaqudgha accepts your prayer! Kikubaaqudgha welcomes you!
You can now receive cadavers from Kikubaaqudgha.
You see here Kikubaaqudgha's Collected Works on Evil Secrets.
Kikubaaqudgha grants you a gift! The worm bites you!
Ouch! That really hurt!
* * * LOW HITPOINT WARNING * * *
The worm bites you.
You die...
Kikubaaqudgha rasps: "You have failed me!
Welcome... death!"

### #_#
######.##
#..##...##
#.##..#..#
#.##.###.#
#.##.###.##
#.##.#_...##
#.'..#...@_#
#.##.#_..w##
#.##.###.##
#.##.###.#
#.##..#..#
#.###...##
#.# ##.##
#.# #_# #.#
###


You could see a worm.

Vanquished Creatures
  A dart slug (D:1)
  A leopard gecko (D:1)
  A bat (D:1)
  3 goblins
  A hobgoblin (D:1)
  2 kobolds (D:1)
  A ball python (D:1)
  2 rats
12 creatures vanquished.

Notes
Turn   | Place    | Note
-------+----------+-------------------------------------------
     0 | D:1      | Fenrir042 the Demonspawn Conjurer began the quest for the
                  | Orb.
     0 | D:1      | Reached XP level 1. HP: 13/13 MP: 3/3
   161 | D:1      | Gained mutation: You have sharp fingernails. [demonic
                  | ancestry]
   161 | D:1      | Reached XP level 2. HP: 19/19 MP: 0/5
   838 | D:2      | Found a faded altar of an unknown god.
   838 | D:2      | Found a snail-covered altar of Cheibriados.
   846 | D:2      | Found a faded altar of an unknown god.
   848 | D:2      | Found a glowing golden altar of the Shining One.
   850 | D:2      | Found a white marble altar of Elyvilon.
  1060 | D:2      | Became a worshipper of Kikubaaqudgha
  1060 | D:2      | Reached * piety under Kikubaaqudgha
  1060 | D:2      | Identified Kikubaaqudgha's Collected Works on Evil Secrets
                  | (Kikubaaqudgha gifted it to you on level 2 of the Dungeon)
  1060 | D:2      | Received a gift from Kikubaaqudgha
  1061 | D:2      | Slain by a worm

Illustrated notes

Levels and vault maps discovered:
D:1:      dpeg_arrival_tiny_g, layout_loops_cross, minivault_27
D:2:      layout_loops_ring, chequers_temple_overflow_minitemple,
          general_overflow_altar, minmay_misc_feat_more_columns,
          hangedman_ru_absence

Action                   || total
-------------------------++-------
Melee: Unarmed           ||    25
 Cast: Magic Dart        ||    29
Armor: Robe              ||     7
Dodge: Dodged            ||    20

Table legend: (Time is in decaauts)
 A = Elapsed time spent in this place.
 B = Non-inter-level travel time spent in this place.
 C = Inter-level travel time spent in this place.
 D = Time resting spent in this place.
 E = Time spent auto-exploring this place.
 F = Levels seen in this place.
 G = Mean time per level.
                   A        B        C        D        E       F      G
               +--------+--------+--------+--------+--------+-----+--------+
         Total |   1060 |   1047 |     13 |      9 |    868 |   2 |  530.0 |
       Dungeon |   1060 |   1047 |     13 |      9 |    868 |   2 |  530.0 |
               +--------+--------+--------+--------+--------+-----+--------+

Top non-repeatable levels by time:
     D:1: 808 daAuts
     D:2: 251 daAuts
